 Dungeon Crawl Stone Soup version 0.31-a0-187-gba352fbbf7 (webtiles) character file.

Game seed: 3970946855672584487

102 qw the Shooter (level 4, -2/25 HPs)
             Began as a Deep Elf Hunter on June 22, 2023.
             Slain by a gnoll
             ... wielding a +0 spear
              (4 damage)
             ... on level 2 of the Dungeon.
             The game lasted 00:00:34 (1426 turns).

qw the Shooter (Deep Elf Hunter)                    Turns: 1426, Time: 00:00:34

Health: -2/25      AC: 11    Str: 10    XL:     4   Next: 49%
Magic:  6/6        EV:  9    Int: 14    God:
Gold:   123        SH:  0    Dex: 18    Spells: 3/3 levels left

rFire   . . .        a - +0 shortbow
rCold   . . .        (shield currently unavailable)
rNeg    . . .        d - +0 scale mail
rPois   .            b - +0 helmet
rElec   .            (no cloak)
rCorr   .            (no gloves)
SInv    .            (no boots)
Will    .....        (no amulet)
Stlth   +            e - +4 ring of protection
HPRegen 0.24/turn    (no ring)
MPRegen 0.10/turn

%: no passive effects
@: no status effects
A: no striking features
a: no special abilities


You were on level 2 of the Dungeon.
You visited 1 branch of the dungeon, and saw 2 of its levels.

You collected 123 gold pieces.


   Skills:
 - Level 1.5 Fighting
 + Level 7.9 Ranged Weapons
 - Level 2.4 Dodging
 - Level 1.2 Stealth


You had 3 spell levels left.
You didn't know any spells.
Your spell library was empty.

Inventory:

Hand Weapons
 a - a +0 shortbow (weapon)
Armour
 b - a +0 helmet (worn)
 d - a +0 scale mail (worn)
Jewellery
 e - a +4 ring of protection (left hand)
 h - a ring of ice
Potions
 c - a potion of degeneration {unknown}
 f - a potion of berserk rage {unknown}
 g - a potion of cancellation {unknown}

Dungeon Overview and Level Annotations

Branches:
Dungeon (2/15)

Altars:


Message History

The gnoll hits you from afar with a +0 spear.
You shoot an arrow. The arrow hits the gnoll.
The gnoll is almost dead.
The jackal closely misses you. The gnoll hits you with a +0 flail.
The gnoll hits you but does no damage.
The jackal bites you but does no damage.
The gnoll hits you but does no damage. The gnoll barely misses you.
You shoot an arrow.
The arrow hits the gnoll but does no damage.
The gnoll is almost dead.
The jackal bites you but does no damage. x2
The gnoll hits you but does no damage. The gnoll completely misses you.
You shoot an arrow. The arrow barely misses the gnoll.
The jackal barely misses you. The gnoll hits you with a +0 flail.
The gnoll hits you but does no damage.
The jackal bites you but does no damage.
You shoot an arrow. The arrow barely misses the gnoll.
The jackal bites you but does no damage.
The gnoll closely misses you. The gnoll hits you but does no damage.
The jackal closely misses you.
You shoot an arrow.
The arrow hits the gnoll but does no damage.
The gnoll is severely wounded.
The gnoll hits you but does no damage. The gnoll barely misses you.
The jackal bites you but does no damage.
The gnoll hits you but does no damage. The gnoll hits you with a +0 flail.
You shoot an arrow.
The arrow hits the gnoll but does no damage.
The gnoll is severely wounded.
The jackal completely misses you. The jackal barely misses you.
The gnoll hits you with a +0 flail. The gnoll hits you but does no damage.
You shoot an arrow. The arrow barely misses the gnoll.
The jackal bites you but does no damage.
The gnoll closely misses you. The gnoll hits you but does no damage.
The jackal closely misses you.
You shoot an arrow. The arrow hits the gnoll.
You kill the gnoll!
The jackal misses you.
The gnoll hits you from afar with a +0 spear.
You die...

#.........#
#.....:...#
#......<..#
#.........#
#.........#
#####.##..##
#.###.)## ..
#.####).###[...
#....@h........
#.#####g#......
#. #..........
.............
.:.............
...............
...............
.g......#......
..g............


You could see a gnoll and a jackal.

Vanquished Creatures
  Robin (D:1)
  4 gnolls
  An adder (D:1)
  4 ball pythons (D:1)
  3 bats (D:1)
  4 endoplasms (D:1)
  3 giant cockroaches (D:1)
  10 goblins (D:1)
  8 hobgoblins (D:1)
  2 jackals
  2 quokkas (D:1)
  3 frilled lizards (D:1)
  2 rats (D:1)
47 creatures vanquished.

Notes
Turn   | Place    | Note
-------+----------+-------------------------------------------
     0 | D:1      | qw the Deep Elf Hunter began the quest for the Orb.
     0 | D:1      | Reached XP level 1. HP: 12/12 MP: 3/3
     0 | D:1      | 0 ||| qw: Version: 0.3-a-9-g12657ce
     0 | D:1      | 0 ||| qw: Game counter: 2371
     0 | D:1      | 0 ||| qw: Always use a shield: true
     0 | D:1      | 0 ||| qw: God list: Okawaru
     0 | D:1      | 0 ||| qw: Allow faded altars: false
     0 | D:1      | 0 ||| qw: Do Orc after D:15 true
     0 | D:1      | 0 ||| qw: Do second Lair branch before Depths: true
     0 | D:1      | 0 ||| qw: Lair rune preference: random
     0 | D:1      | 0 ||| qw: Plans: Normal
     0 | D:1      | 0 ||| PLANNING D:1-11
   168 | D:1      | Reached skill level 6 in Ranged Weapons
   168 | D:1      | Reached XP level 2. HP: 16/16 MP: 4/4
   752 | D:1      | Found a faded altar of an unknown god.
   787 | D:1      | Reached XP level 3. HP: 12/20 MP: 5/5
   950 | D:1      | 950 ||| UPGRADING to +0 scale mail.
   960 | D:1      | 960 ||| DROPPING +0 leather armour.
   961 | D:1      | 961 ||| UPGRADING to +4 ring of protection.
   962 | D:1      | 962 ||| DROPPING scroll of butterflies.
   986 | D:2      | Noticed Robin
   988 | D:2      | 988 ||| STAIRDANCE
   993 | D:1      | HP: 5/20 [hobgoblin[Robin] (3)]
   997 | D:1      | Reached skill level 7 in Ranged Weapons
   998 | D:1      | HP: 2/20 [hobgoblin[Robin] (2)]
  1079 | D:2      | 1079 ||| STAIRDANCE
  1149 | D:2      | 1149 ||| STAIRDANCE
  1154 | D:1      | Killed Robin
  1160 | D:1      | 1160 ||| UPGRADING to +0 helmet.
  1168 | D:2      | 1168 ||| STAIRDANCE
  1198 | D:2      | 1198 ||| STAIRDANCE
  1200 | D:1      | HP: 5/20 [goblin/+0 club (4)]
  1203 | D:1      | Reached XP level 4. HP: 8/25 MP: 6/6
  1285 | D:2      | 1285 ||| STAIRDANCE
  1316 | D:2      | 1316 ||| STAIRDANCE
  1372 | D:2      | 1372 ||| STAIRDANCE
  1405 | D:2      | 1405 ||| Stepping ~*~*~tactically~*~*~ (outnumbered).
  1415 | D:2      | 1415 ||| Stepping ~*~*~tactically~*~*~ (outnumbered).
  1423 | D:2      | HP: 6/25 [gnoll/+0 flail (6)]
  1424 | D:2      | HP: 1/25 [gnoll/+0 flail (5)]
  1426 | D:2      | Slain by a gnoll

Levels and vault maps discovered:
D:1:      dpeg_arrival_erosion, layout_basic, hellmonk_ecumenical_altar_run_dry
D:2:      layout_rooms, uniq_robin

Skill      XL: |  1  2  3 |
---------------+----------+-----
Ranged Weapons | 6 7 |  7.9
Fighting       | |  1.5
Dodging        | |  2.4
Stealth        | |  1.2

Action                     |  1- 3 |  4- 6 || total
---------------------------+-------+-------++-------
   Fire: Shortbow          |    98 |    42 ||   140
 Armour: Leather armour    |     4 |       ||     4
         Scale mail        |    55 |    37 ||    92
  Dodge: Dodged            |    54 |    38 ||    92

Table legend:
 A = Non-vault XP
 B = Vault XP
 C = Vault XP percentage of total XP
 D = Non-vault monster count
 E = Vault monster count
 F = Vault count percentage of total count
                 A         B        C        D         E       F
            +---------+---------+-------+---------+---------+-------
      Total |     121 |      39 |  24.4 |      34 |      13 |  27.7
            +---------+---------+-------+---------+---------+-------
        D:1 |      77 |      39 |  33.6 |      30 |      13 |  30.2
        D:2 |      44 |       0 |   0.0 |       4 |       0 |   0.0
            +---------+---------+-------+---------+---------+-------
